 Dungeon Crawl Stone Soup version 0.20.1-1-g8b1a95d (console) character file.

690 hilaritas the Grappler (level 7, -2/66 HPs)
             Began as a Troll Berserker on Jan 20, 2018.
             Was a Priest of Trog.
             Slain by an ogre
             ... wielding a +0 giant spiked club
              (22 damage)
             ... on level 4 of the Dungeon.
             The game lasted 00:08:26 (2650 turns).

hilaritas the Grappler (Troll Berserker)            Turns: 2650, Time: 00:08:27

Health: -2/66      AC:  6    Str: 29    XL:     7   Next: 36%
Magic:  6/6        EV: 10    Int:  5    God:    Trog [***...]
Gold:   133        SH:  0    Dex:  9    Spells: 6/6 levels left

rFire    . . .     SeeInvis .     - Unarmed
rCold    . . .     Gourm    +   (no shield)
rNeg     . . .     Faith    .   a - +1 animal skin
rPois    .         Spirit   .   (helmet restricted)
rElec    .         Reflect  .   (no cloak)
rCorr    .         Harm     .   (gloves unavailable)
MR       +++..                  (boots unavailable)
Stlth    +.........             (no amulet)
Regen    1.7/turn               h - ring of protection from magic
MPRegen  0.1/turn               i - +3 ring of strength

@: lethally poisoned (-2 -> -2), regenerating
A: unfitting armour, claws 3, fast metabolism 3, gourmand, regeneration 1,
shaggy fur 1, tough skin 2
a: Berserk, Trog's Hand, Burn Spellbooks, Renounce Religion


You were on level 4 of the Dungeon.
You worshipped Trog.
Trog was most pleased with you.
You were very full.

You visited 1 branch of the dungeon, and saw 4 of its levels.
You also visited: Sewer.

You collected 133 gold pieces.

Inventory:

Hand Weapons
 m - a +0 whip
Missiles
 f - 2 javelins (quivered)
Armour
 a - a +1 animal skin (worn)
Jewellery
 h - a ring of protection from magic (left claw)
 i - a +3 ring of strength (right claw)
 n - an uncursed ring of positive energy
Scrolls
 d - a scroll of remove curse
 j - 2 scrolls of teleportation
Potions
 c - a potion of brilliance
 e - 5 potions of flight
 g - a potion of heal wounds {unknown}
 l - a potion of invisibility {unknown}
 o - 2 potions of curing
Comestibles
 b - 4 bread rations
 k - 6 fruits
 p - 2 royal jellies


   Skills:
 + Level 2.8 Fighting
 - Level 2.4 Dodging
 * Level 8.5 Unarmed Combat


You had 6 spell levels left.
You didn't know any spells.

Dungeon Overview and Level Annotations

Branches:
Dungeon (4/15)
 Temple: D:4-7

Altars:
Kikubaaqudgha
Trog
Vehumet

Annotations:
D:4 exclusion: statue


Innate Abilities, Weirdness & Mutations

You are too large for most types of armour.
You have claws for hands.
Your metabolism is lightning-fast.
You like to eat raw meat.
Your natural rate of healing is unusually fast.
You are covered in fur. (AC +1)
You have very tough skin. (AC +2)


Message History

The ogre hits you with a giant spiked club!!
Ouch! That really hurt!
The worker ant bites you.
You are poisoned.
The worker ant poisons you!
You scratch the ogre.
The ogre is heavily wounded.
You feel sick. The worker ant bites you.
Unknown command.
Your skin crawls.
You feel resistant to hostile enchantments.
You feel somewhat less full. The ogre barely misses you.
The worker ant misses you.
You barely miss the ogre.
The ogre is heavily wounded.
You feel sick. The worker ant bites you.
You are more poisoned.
The worker ant poisons you!
The ogre hits you with a giant spiked club!!
You die...

###....# ###......# #........#
.. ###......###### ### #..
..###..........
..###.###...###.†......
.#...)...###............
...#.......###...##.†...
..........!###.†..#.##
#.####...O..###...#....#
#.......@a###....##..###
###........###......#....###
#####<................###.##.[..
#.....##.......#..#####........#
#.####...##.#####.#####....###..
#.# ##.#.##........[....#### #..
#.###.........####....### #..
##.#...##.####..#....### ##.#
...#..###.........##..# #..#
.#...## #.####........### #.##
.#..## ##.# #..........# ####...


You could see an ogre and a worker ant.

Vanquished Creatures
  The ghost of hilaritas the Ruffian, an amateur TrAK of Lugonu (D:4)
  2 scorpions (D:4)
  A water moccasin skeleton (D:4)
  A hound (D:4)
  An orc wizard (D:4)
  A worker ant (D:4)
  4 gnolls (D:3)
  7 adders
  A river rat (D:3)
  An ooze (Sewer)
  5 worms
  2 dart slugs
  8 leopard geckos
  3 orcs (D:4)
  2 ball pythons
  10 bats
  3 giant cockroaches
  6 goblins
  5 hobgoblins
  4 jackals (Sewer)
  5 frilled lizards
  7 kobolds
  13 rats
93 creatures vanquished.

Notes
Turn   | Place    | Note
-------+----------+-------------------------------------------
     0 | D:1      | hilaritas the Troll Berserker began the quest for the Orb.
     0 | D:1      | Reached XP level 1. HP: 22/22 MP: 0/0
    84 | D:1      | Reached XP level 2. HP: 29/29 MP: 1/1
   489 | D:2      | Reached ** piety under Trog
   494 | D:2      | Reached skill level 4 in Unarmed Combat
   536 | D:2      | Reached XP level 3. HP: 36/36 MP: 2/2
   543 | D:2      | Found a bloodstained altar of Trog.
  1224 | D:3      | Reached XP level 4. HP: 40/44 MP: 3/3
  1266 | D:3      | Reached skill level 5 in Unarmed Combat
  1273 | D:3      | Found a glowing drain.
  1277 | Sewer    | Entered a sewer
  1346 | Sewer    | Reached *** piety under Trog
  1818 | D:3      | Reached XP level 5. HP: 49/50 MP: 4/4
  1971 | D:3      | Reached skill level 6 in Unarmed Combat
  1973 | D:3      | Found an ancient bone altar of Kikubaaqudgha.
  2221 | D:4      | Noticed hilaritas's ghost (amateur TrAK)
  2234 | D:4      | Killed hilaritas's ghost
  2234 | D:4      | Reached skill level 7 in Unarmed Combat
  2234 | D:4      | Reached XP level 6. HP: 42/59 MP: 5/5
  2448 | D:4      | Reached skill level 8 in Unarmed Combat
  2448 | D:4      | Reached XP level 7. HP: 62/66 MP: 6/6
  2581 | D:4      | Found a radiant altar of Vehumet.
  2650 | D:4      | Slain by an ogre

Skill      XL: |  1  2  3  4  5  6 |
---------------+-------------------+-----
Unarmed Combat | 4 5 7 8 |  8.5
Fighting       | |  2.8
Dodging        | |  2.4

Action                   |  1- 3 |  4- 6 |  7- 9 || total
-------------------------+-------+-------+-------++-------
Melee: Unarmed           |    94 |   150 |    21 ||   265
       Punch             |     2 |     3 |     2 ||     7
Invok: Trog's Hand       |       |       |     1 ||     1
  Use: Scroll            |     7 |     3 |     1 ||    11
  Eat: Chunk             |    16 |    13 |     1 ||    30
Armor: Animal skin       |    31 |    56 |     3 ||    90
Dodge: Dodged            |    44 |    97 |    15 ||   156
